 Dungeon Sprint DCSS version 0.22-a0-42-g002c468 (webtiles) character file.

38273 theanonym the Tortoise (level 13, -24/152 HPs)
             Began as a Deep Dwarf Fighter on Jan 5, 2018.
             Was the Champion of Makhleb.
             Killed by the air
             ... invoked by a wind drake
              (35 damage)
             ... in the Dungeon (Sprint V: "Ziggurat Sprint").
             The game lasted 00:10:24 (660 turns).

theanonym the Tortoise (Deep Dwarf Fighter)          Turns: 660, Time: 00:10:25

Health: -24/152    AC: 37    Str: 27    XL:     13   Next: 62%
Magic:  6/13       EV:  6    Int: 15    God:    Makhleb [******]
Gold:   0          SH: 32    Dex: 12    Spells: 4/12 levels left

rFire    + + +     SeeInvis +   u - +14 obsidian axe {chop, +Fly SInv *Curse} (curse)
rCold    + + .     Gourm    .   y - +18 shield of the Gong {rElec rN+ MR+ EV-5}
rNeg     + . .     Faith    .   z - +5 gold dragon scales {23 rF+ rC+ rPois}
rPois    +         Spirit   .   K - +0 helmet {Int+3}
rElec    +         Reflect  .   (no cloak)
rCorr    .         Harm     +   H - +1 pair of gloves {Str+3}
MR       ++...     NoTele   +   I - +3 pair of boots of Brilliance {rElec Stlth+}
Stlth    ..........             A - amulet of Creativity {Harm *Drain rElec}
HPRegen  0.00/turn              B - ring of Butchery {+Fly rF+ Int+2}
MPRegen  0.13/turn              C - ring of Italatad {rF+ rC+}

@: flying (expiring), mesmerised, non-regenerating
A: damage resistance, heal wounds, sense surroundings 2, no regeneration
a: Heal Wounds, Minor Destruction, Lesser Servant of Makhleb, Major Destruction,
Greater Servant of Makhleb, Renounce Religion


Innate Abilities, Weirdness & Mutations

You are resistant to damage.
You can heal yourself by infusing magical energy.
You passively map the area around you.
You do not regenerate.


   Skills:
 * Level 19.9 Fighting
 - Level 18.0 Axes
 + Level 20.5 Armour
 - Level 10.0 Dodging
 - Level 15.0 Shields
 + Level 0.2 Spellcasting
 + Level 0.4 Necromancy


You had 4 spell levels left.
You knew the following spells:

 Your Spells              Type           Power        Failure   Level  Hunger
a - Borgnjor's Revivific  Necr           #.........   100%        8    #######

Skill      XL: |  1  2  3  4  5  6  7  8  9 10 11 12 13 |
---------------+----------------------------------------+-----
Axes           | 8 9 10 11 12 13 14 16 18 | 18.0
Fighting       | 3 4 5 6 7 8 9 11 14 17 19 | 19.9
Armour         | 4 5 6 7 8 10 11 14 17 19 20 | 20.5
Shields        | 4 5 6 7 8 10 11 13 15 | 15.0
Dodging        | 6 10 | 10.0
Spellcasting   | |  0.2
Necromancy     | |  0.4

Action                   |  1- 3 |  4- 6 |  7- 9 | 10-12 | 13-15 || total
-------------------------+-------+-------+-------+-------+-------++-------
Melee: Broad axe         |     2 |     4 |    29 |   127 |    47 ||   209
 Abil: Heal Wounds       |       |       |     1 |       |       ||     1
  Use: Potion            |     1 |       |       |       |       ||     1
       Scroll            |       |       |     1 |       |       ||     1
 Stab: Distracted        |       |       |       |     4 |     1 ||     5
Armor: Gold dragon scale |       |     1 |    13 |    52 |    38 ||   104
Dodge: Dodged            |       |     1 |     1 |     3 |    17 ||    22
Block: Shield            |     6 |     7 |    49 |   177 |   107 ||   346

Inventory:

Hand Weapons
 u - the cursed +14 obsidian axe (weapon) {chop, +Fly SInv *Curse}
   (You found it in the Dungeon)

   It inflicts extra damage upon your enemies.
   It lets you see invisible.
   It lets you fly.
   It curses itself when equipped.
   It has a curse placed upon it.
Armour
 y - the +18 shield of the Gong (worn) {rElec rN+ MR+ EV-5}
   (You found it in the Dungeon)

   It affects your evasion (-5).
   It insulates you from electricity.
   It protects you from negative energy.
   It affects your resistance to hostile enchantments.
 z - +5 gold dragon scales (worn) {23 rF+ rC+ rPois}
   (You found it in the Dungeon)
 H - a +1 pair of gloves of strength (worn)
   (You found it in the Dungeon)
 I - the +3 pair of boots of Brilliance (worn) {rElec Stlth+}
   (You found it in the Dungeon)

   It insulates you from electricity.
   It makes you more stealthy.
 K - a +0 helmet of intelligence (worn)
   (You found it in the Dungeon)
Jewellery
 g - the ring "Sipaet" {rPois MR+ Int+2 Stlth-}
   (You found it in the Dungeon)

   [ring of loudness]

   It affects your intelligence (+2).
   It protects you from poison.
   It affects your resistance to hostile enchantments.
   It makes you less stealthy.
 x - the ring "Xiufidgh" {Wiz rElec Int+4}
   (You found it in the Dungeon)

   [ring of wizardry]

   It improves your spell success rate.
   It affects your intelligence (+4).
   It insulates you from electricity.
 A - the amulet of Creativity (around neck) {Harm *Drain rElec}
   (You found it in the Dungeon)

   [amulet of harm]

   It increases damage dealt and taken.
   It insulates you from electricity.
   It causes draining when unequipped.
 B - the ring of Butchery (left hand) {+Fly rF+ Int+2}
   (You found it in the Dungeon)

   [ring of flight]

   It affects your intelligence (+2).
   It protects you from fire.
   It lets you fly.
 C - the ring of Italatad (right hand) {rF+ rC+}
   (You found it in the Dungeon)

   [ring of protection from cold]

   It protects you from fire.
   It protects you from cold.
Wands
 s - a wand of disintegration (7)
   (You found it in the Dungeon)
 t - a wand of iceblast (7)
   (You found it in the Dungeon)
 v - a wand of acid (7)
   (You found it in the Dungeon)
Scrolls
 b - 3 scrolls of blinking
 f - 7 scrolls of fog
 l - 4 scrolls of amnesia
 n - a scroll of holy word
 o - 5 scrolls of remove curse
 p - 2 scrolls of fear
 r - 5 scrolls of identify
Potions
 a - 2 potions of brilliance
 c - 2 potions of invisibility
 d - 7 potions of might
 h - 6 potions of haste
 i - 7 potions of magic
 j - 3 potions of berserk rage
 k - 6 potions of agility
 m - 4 potions of resistance {rF+ rC+}
 q - 18 potions of heal wounds
 w - 10 potions of curing
Books
 D - a book of Cantrips
   (You found it in the Dungeon)
 G - a Necronomicon
   (You found it in the Dungeon)
Miscellaneous
 F - a lamp of fire
   (You found it in the Dungeon)
 J - a fan of gales
   (You found it in the Dungeon)
 L - a phantom mirror
Comestibles
 e - 7 rations You were in the Dungeon. You worshipped Makhleb. Makhleb was exalted by your worship. You were not hungry. You visited 1 branch

Dungeon Overview and Level Annotations

Branches:
Dungeon (1/1)

Altars:
Ashenzari
Cheibriados
Dithmenos
Elyvilon
Fedhas
Gozag
Hepliaklqana
Kikubaaqudgha
Makhleb
Nemelex Xobeh
Okawaru
Qazlal
Ru
Sif Muna
Trog
Uskayaw
Vehumet
Wu Jian
Xom
Yredelemnul
Zin
The Shining One
Beogh
Jiyva
Lugonu

▓▓▓▓▓▓▓▓* * ** *▓▓▓▓▓▓▓▓▓
8_8_8_8▓*......8©8......▓.....8©8
......_▓▓.."i§:§))...}..▓..}"|)}"
..))..8▓▓.§:§|":§:i})§.v▓...):[[:
......_▓▓.§§k§§§§§.D....▓........
[.....8▓▓.§§§k§iik.D....▓........
..}..._▓▓.§§§§§§§§......▓.......)
..=...8▓▓.§Di§§§§§§.....▓.....))†
..|..._▓▓.§§§DE3@§......▓.....).)
......8▓▓.§§§kE§§§......▓..▓.....
......_▓▓.§§§4D§§§......▓.▓▓▓....
......8▓▓..§§§§§§§......▓..▓.....
......_▓▓..3▓§§§§§..▓...▓........
8_8_8_8▓▓...............▓......©.
▓▓▓▓▓▓▓▓▓...............▓▓▓▓▓▓▓▓▓
▓.......©.......▓.....8©8 , , ,
▓▓▓▓▓▓▓▓▓▓▓▓▓▓▓▓▓..|:||[:


You could see 5 storm dragons, 4 wind drakes, 5 spriggan air magi, 2 air
elementals, an insubstantial wisp, 2 friendly soul eaters and a friendly rust
devil.

Notes
Turn   | Place    | Note
-------+----------+-------------------------------------------
     0 | D        | Found the +6 Majin-Bo {vamp, Archmagi MP+6 Int+6}
     0 | D        | Found the +7 great mace "Firestarter" {inner flame, rF++}
     0 | D        | theanonym the Deep Dwarf Fighter began the quest for the Orb.
     0 | D        | Reached XP level 1. HP: 20/20 MP: 1/1
    13 | D        | Found a deep blue altar of Sif Muna.
    13 | D        | Found a sacrificial altar of Ru.
    13 | D        | Found a bloodstained altar of Trog.
    13 | D        | Found a stormy altar of Qazlal.
    13 | D        | Found an iron altar of Okawaru.
    13 | D        | Found a sparkling altar of Nemelex Xobeh.
    13 | D        | Found a blossoming altar of Fedhas.
    15 | D        | Found a transporter.
    15 | D        | Found an ancient bone altar of Kikubaaqudgha.
    15 | D        | Found a viscous altar of Jiyva.
    15 | D        | Found a corrupted altar of Lugonu.
    15 | D        | Found a hazy altar of Hepliaklqana.
    15 | D        | Found a burning altar of Makhleb.
    15 | D        | Found an opulent altar of Gozag.
    36 | D        | Found the +9 heavy crossbow "Sniper" {velocity, Acc+∞ SInv}
    36 | D        | Found the +10 dark maul {crush}
    36 | D        | Found the +15 Maxwell's patent armour {-Cast -Tele rElec MR+ rCorr}
    36 | D        | Found the +18 shield of the Gong {rElec rN+ MR+ EV-5}
    36 | D        | Found the cursed +14 obsidian axe {chop, +Fly SInv *Curse}
    67 | D        | Found the +6 shillelagh "Devastator" {shatter}
    67 | D        | Found the +11 plutonium sword {*Contam Stlth-}
    67 | D        | Found the +8 lance "Wyrmbane" {slay drac, rPois rF+ rC+ AC+3}
    67 | D        | Found the +9 sword of Zonguldrok {reap}
    67 | D        | Found the cursed +13 scythe of Curses {drain, *Curse}
    67 | D        | Found the +0 sword of Power
    67 | D        | Found the +3 mace of Variability {chaos}
    67 | D        | Found the +7 Singing Sword
    67 | D        | Found the +7 longbow "Piercer" {penet, EV-2}
    69 | D        | Became a worshipper of Makhleb the Destroyer
    88 | D        | Reached skill level 8 in Axes
    88 | D        | Reached XP level 2. HP: 27/27 MP: 2/2
    90 | D        | Entered arena 2.
    90 | D        | Noticed a centaur
    90 | D        | Noticed a centaur
    90 | D        | Found a transporter.
    93 | D        | Killed a centaur
    93 | D        | Reached skill level 3 in Fighting
    93 | D        | Reached skill level 9 in Axes
    93 | D        | Reached skill level 4 in Armour
    93 | D        | Reached skill level 4 in Shields
    93 | D        | Reached XP level 3. HP: 36/36 MP: 3/3
    93 | D        | Reached XP level 4. HP: 44/44 MP: 4/4
    93 | D        | Killed a centaur
    93 | D        | Reached skill level 4 in Fighting
    93 | D        | Reached skill level 10 in Axes
    93 | D        | Reached skill level 5 in Armour
    93 | D        | Reached skill level 5 in Shields
    93 | D        | Reached XP level 5. HP: 51/51 MP: 5/5
    99 | D        | Entered arena 3.
    99 | D        | Noticed a jumping spider
    99 | D        | Noticed a tarantella
    99 | D        | Noticed a jumping spider
    99 | D        | Found a transporter.
   102 | D        | Killed a jumping spider
   102 | D        | Reached * piety under Makhleb
   102 | D        | Reached skill level 5 in Fighting
   102 | D        | Reached skill level 11 in Axes
   102 | D        | Reached skill level 6 in Armour
   102 | D        | Reached skill level 6 in Shields
   102 | D        | Reached XP level 6. HP: 62/62 MP: 6/6
   104 | D        | Killed a tarantella
   104 | D        | Reached skill level 6 in Fighting
   104 | D        | Reached skill level 12 in Axes
   104 | D        | Reached skill level 7 in Armour
   104 | D        | Reached skill level 7 in Shields
   104 | D        | Reached XP level 7. HP: 69/69 MP: 7/7
   109 | D        | Killed a jumping spider
   109 | D        | Reached skill level 13 in Axes
   109 | D        | Reached skill level 8 in Armour
   109 | D        | Reached skill level 8 in Shields
   114 | D        | Got the ring "Sipaet" {rPois MR+ Int+2 Stlth-}
   120 | D        | Entered arena 4.
   120 | D        | Noticed a merfolk
   120 | D        | Noticed a merfolk
   120 | D        | Noticed a merfolk
   120 | D        | Noticed a merfolk
   120 | D        | Found a transporter.
   126 | D        | Killed a merfolk
   126 | D        | Reached ** piety under Makhleb
   126 | D        | Reached skill level 7 in Fighting
   127 | D        | Killed a merfolk
   127 | D        | Reached XP level 8. HP: 67/80 MP: 8/8
   131 | D        | Killed a merfolk
   131 | D        | Reached skill level 9 in Armour
   131 | D        | Reached skill level 9 in Shields
   131 | D        | Killed a merfolk
   131 | D        | Reached skill level 14 in Axes
   137 | D        | Entered arena 5.
   137 | D        | Noticed a jumping spider
   137 | D        | Found a transporter.
   139 | D        | Killed a jumping spider
   139 | D        | Reached *** piety under Makhleb
   141 | D        | Reached skill level 8 in Fighting
   142 | D        | Reached **** piety under Makhleb
   147 | D        | Got the ring "Xiufidgh" {Wiz rElec Int+4}
   149 | D        | Entered arena 6.
   149 | D        | Noticed a green draconian
   149 | D        | Noticed a draconian
   149 | D        | Noticed a draconian
   149 | D        | Noticed a draconian
   149 | D        | Noticed a draconian
   149 | D        | Found a transporter.
   157 | D        | Killed a draconian
   157 | D        | Reached skill level 10 in Armour
   157 | D        | Reached skill level 10 in Shields
   157 | D        | Gained mutation: You passively map the area around you. [Deep Dwarf growth]
   157 | D        | Reached XP level 9. HP: 90/90 MP: 9/9
   157 | D        | Killed a draconian
   157 | D        | Reached skill level 15 in Axes
   160 | D        | Killed a draconian
   160 | D        | Reached skill level 9 in Fighting
   160 | D        | Killed a green draconian
   160 | D        | Reached ***** piety under Makhleb
   160 | D        | Reached skill level 16 in Axes
   160 | D        | Reached skill level 11 in Armour
   160 | D        | Reached skill level 11 in Shields
   163 | D        | Killed a draconian
   168 | D        | Entered arena 7.
   168 | D        | Noticed an eye of devastation
   168 | D        | Noticed a shining eye
   168 | D        | Noticed an eye of devastation
   168 | D        | HP: 42/92 [disintegration (50)]
   169 | D        | Found a transporter.
   171 | D        | Killed an eye of devastation
   171 | D        | Reached XP level 10. HP: 65/100 MP: 10/10
   172 | D        | Killed a shining eye
   173 | D        | Reached skill level 10 in Fighting
   173 | D        | Reached skill level 17 in Axes
   175 | D        | Killed an eye of devastation
   182 | D        | Entered arena 8.
   183 | D        | Found a transporter.
   185 | D        | Reached skill level 12 in Armour
   185 | D        | Reached skill level 12 in Shields
   186 | D        | Reached ****** piety under Makhleb
   194 | D        | Entered arena 9.
   194 | D        | Noticed a spriggan rider
   195 | D        | Found the +8 glaive of the Guard {elec, +Rage AC+5 SInv}
   195 | D        | Found a transporter.
   201 | D        | Killed a spriggan rider
   201 | D        | Reached skill level 13 in Armour
   207 | D        | Got the ring of Butchery {+Fly rF+ Int+2}
   209 | D        | Got the ring of Italatad {rF+ rC+}
   211 | D        | Got the ring "Ucecacell" {*Slow rElec rN+ Str+8 Stlth+}
   226 | D        | Entered arena 10.
   227 | D        | Found a transporter.
   231 | D        | Reached skill level 18 in Axes
   235 | D        | Reached skill level 11 in Fighting
   258 | D        | Entered arena 11.
   259 | D        | Found a transporter.
   283 | D        | Learned a level 8 spell: Borgnjor's Revivification
   284 | D        | Entered arena 12.
   284 | D        | Noticed a cyclops
   284 | D        | Noticed a cyclops
   285 | D        | Noticed a cyclops
   285 | D        | Noticed a yaktaur captain
   285 | D        | Noticed a centaur warrior
   286 | D        | Found a transporter.
   291 | D        | Killed a cyclops
   291 | D        | Reached skill level 14 in Armour
   291 | D        | Reached skill level 13 in Shields
   291 | D        | Reached XP level 11. HP: 78/111 MP: 11/11
   296 | D        | Killed a centaur warrior
   296 | D        | Reached skill level 12 in Fighting
   297 | D        | Reached skill level 15 in Armour
   303 | D        | Killed a yaktaur captain
   303 | D        | Reached skill level 13 in Fighting
   328 | D        | Entered arena 13.
   328 | D        | Noticed a sea snake
   328 | D        | Noticed a harpy
   328 | D        | Noticed a merfolk avatar
   328 | D        | Noticed a merfolk impaler
   329 | D        | Noticed a sea snake
   329 | D        | Noticed a merfolk impaler
   329 | D        | Noticed a merfolk aquamancer
   329 | D        | Noticed a sea snake
   329 | D        | Noticed a merfolk impaler
   330 | D        | Killed a harpy
   330 | D        | Reached skill level 14 in Shields
   331 | D        | Killed a sea snake
   335 | D        | Killed a sea snake
   335 | D        | Reached skill level 16 in Armour
   336 | D        | Killed a sea snake
   345 | D        | Killed a merfolk aquamancer
   346 | D        | Found a transporter.
   349 | D        | Killed a merfolk impaler
   349 | D        | Reached skill level 14 in Fighting
   351 | D        | Killed a merfolk avatar
   351 | D        | Reached skill level 17 in Armour
   354 | D        | Killed a merfolk impaler
   362 | D        | Killed a merfolk impaler
   362 | D        | Reached skill level 15 in Shields
   371 | D        | Entered arena 14.
   374 | D        | Found a transporter.
   376 | D        | Reached XP level 12. HP: 129/129 MP: 12/12
   381 | D        | Reached skill level 15 in Fighting
   394 | D        | Got the ring "Riqoih" {+Fly rElec MR- Str+5 Int+2}
   398 | D        | Got the ring of Satisfaction {rPois Str+3 Stlth+}
   402 | D        | Entered arena 15.
   403 | D        | Noticed an ice dragon
   403 | D        | Noticed an ice dragon
   404 | D        | Noticed an ice dragon
   404 | D        | Noticed an ice dragon
   405 | D        | Found a transporter.
   411 | D        | Killed an ice dragon
   411 | D        | Killed an ice dragon
   414 | D        | Killed an ice dragon
   414 | D        | Reached skill level 16 in Fighting
   414 | D        | Reached skill level 18 in Armour
   419 | D        | Killed an ice dragon
   431 | D        | Got the ring "Bauck" {MP+9 Dex+2 Stlth+}
   439 | D        | Entered arena 16.
   440 | D        | Noticed a great orb of eyes
   440 | D        | Noticed a great orb of eyes
   440 | D        | Noticed an acid blob
   441 | D        | Noticed a great orb of eyes
   442 | D        | Found a transporter.
   442 | D        | Paralysed by a floating eye for 2 turns
   448 | D        | Reached skill level 1 in Dodging
   448 | D        | Killed a great orb of eyes
   448 | D        | Reached skill level 2 in Dodging
   451 | D        | Killed an acid blob
   451 | D        | Reached skill level 17 in Fighting
   451 | D        | Reached skill level 4 in Dodging
   454 | D        | Killed a great orb of eyes
   458 | D        | Killed a great orb of eyes
   458 | D        | Reached skill level 5 in Dodging
   465 | D        | Got the amulet of Creativity {Harm *Drain rElec}
   473 | D        | Got the +3 pair of boots of Brilliance {rElec Stlth+}
   504 | D        | Entered arena 17.
   507 | D        | Noticed a naga warrior
   507 | D        | Noticed a naga warrior
   507 | D        | Noticed a naga warrior
   508 | D        | Noticed an anaconda
   509 | D        | Found the brooch of Shielding {Reflect SH+8}
   509 | D        | Found a transporter.
   513 | D        | Reached skill level 19 in Armour
   515 | D        | Reached skill level 6 in Dodging
   516 | D        | Killed an anaconda
   521 | D        | Killed a naga warrior
   521 | D        | Reached XP level 13. HP: 146/146 MP: 8/13
   528 | D        | Reached skill level 18 in Fighting
   528 | D        | Reached skill level 7 in Dodging
   535 | D        | Got the +2 helmet "Ewueq" {*Slow rPois rC+ Dex+2}
   552 | D        | Entered arena 18.
   568 | D        | Reached skill level 8 in Dodging
   579 | D        | Found a transporter.
   579 | D        | Reached skill level 9 in Dodging
   599 | D        | Entered arena 19.
   602 | D        | Noticed a ghost moth
   603 | D        | Found the +8 autumn katana {slice, Clar}
   603 | D        | Noticed an emperor scorpion
   604 | D        | Found a transporter.
   609 | D        | Reached skill level 19 in Fighting
   610 | D        | Reached skill level 20 in Armour
   615 | D        | Reached skill level 10 in Dodging
   617 | D        | Killed a ghost moth
   618 | D        | Killed an emperor scorpion
   648 | D        | Entered arena 20.
   655 | D        | Noticed a storm dragon
   656 | D        | Noticed a storm dragon
   656 | D        | Noticed a storm dragon
   658 | D        | Noticed a storm dragon
   658 | D        | Noticed a storm dragon
   658 | D        | HP: 61/152 [spriggan air mage/the air (25)]
   659 | D        | HP: 30/152 [storm dragon/bolt of lightning (3)]
   660 | D        | HP: 11/152 [spriggan air mage/the air (18)]
   660 | D        | Killed from afar by a wind drake

Vanquished Creatures
  An acid blob (D)
  A ghost moth (D)
  An emperor scorpion (D)
  A merfolk impaler (D)
  2 great orbs of eyes (D)
  A yaktaur captain (D)
  3 naga warriors (D)
  4 ice dragons (D)
  An anaconda (D)
  A merfolk avatar (D)
  A merfolk aquamancer (D)
  A centaur warrior (D)
  A soul eater (D)
  4 spriggans (D)
  3 sea snakes (D)
  3 draconians (D)
  3 cyclopes (D)
  3 wolf spiders (D)
  A shining eye (D)
  A water nymph (D)
  4 black mambas (D)
  2 eyes of devastation (D)
  2 smoke demons (D)
  A naga mage (D)
  3 large abominations (D)
  3 yaktaurs (D)
  4 demonic crawlers (D)
  A meliai (D)
  3 merfolk (D)
  7 jumping spiders (D)
  8 hornets (D)
  A raiju (D)
  4 slime creatures (D)
  6 redbacks (D)
  3 tarantellas (D)
  An air elemental (D)
  A shadow (D)
  A naga (D)
  3 small abominations (D)
  A water moccasin (D)
  A floating eye (D)
  2 ice beasts (D)
  2 black bears (D)
  3 necrophages (D)
  4 wolves (D)
  3 centaurs (D)
  A scorpion (D)
  A wight (D)
  4 jellies (D)
  An iron imp (D)
  An adder (D)
  2 white imps (D)
  2 oozes (D)
  2 adder skeletons (D)
  An adder zombie (D)
  A jackal zombie (D)
  A quokka skeleton (D)
128 creatures vanquished.

Vanquished Creatures (collateral kills)
  A green draconian (D)
  A great orb of eyes (D)
  2 merfolk impalers (D)
  A wolf spider (D)
  A harpy (D)
  An orb spider (D)
  A draconian (D)
  2 demonic crawlers (D)
  2 jumping spiders (D)
  2 merfolk (D)
  A hornet (D)
  A slime creature (D)
  A spriggan (D)
  A redback (D)
  2 tarantellas (D)
  2 water moccasins (D)
  A floating eye (D)
  2 black bears (D)
  3 eyes of draining (D)
  A phantom (D)
  2 wolves (D)
  A centaur (D)
  A scorpion (D)
  3 jellies (D)
  An ooze (D)
  An adder zombie (D)
  A bat zombie (D)
  A ball python (D)
  A giant cockroach zombie (D)
41 creatures vanquished.

Vanquished Creatures (others)
  4 insubstantial wisps (D)
4 creatures vanquished.

Grand Total: 173 creatures vanquished

Table legend:
 A = Turns spent in this place as a percentage of turns spent in the entire game.
 B = Non-inter-level travel turns spent in this place as a percentage of non-inter-level travel turns spent in the entire game.
 C = Inter-level travel turns spent in this place as a percentage of turns spent in this place.
 D = Turns resting spent in this place as a percentage of non-inter-level travel turns spent in this place.
 E = Turns spent auto-exploring this place as a percentage of non-inter-level travel turns spent in this place.
 F = Non-inter-level travel turns spent in this place divided by the number of levels of this place that you've seen.
                   A       B       C       D       E      F
               +-------+-------+-------+-------+-------+----------------------
         Total | 100.0 | 100.0 |   0.0 |   0.6 |   1.7 | 660.0
       Dungeon | 100.0 | 100.0 |   0.0 |   0.6 |   1.7 | 660.0
               +-------+-------+-------+-------+-------+----------------------
